 Dungeon Crawl Stone Soup version 0.29-a0-492-g10b964d8d7 (webtiles) character file.

Game seed: 4939289191198187943

1805 Bruhh the Ogre Mage (level 9, -6/93 HPs)
             Began as an Ogre Earth Elementalist on May 27, 2022.
             Was an Initiate of Vehumet.
             Mangled by Maggie
             ... wielding a +2 morningstar of distortion
              (9 damage)
             ... on level 6 of the Dungeon.
             The game lasted 00:10:33 (8082 turns).

Bruhh the Ogre Mage (Ogre Earth Elementalist)       Turns: 8082, Time: 00:10:34

Health: -6/93      AC:  7    Str: 14    XL:     9   Next: 9%
Magic:  0/21       EV:  9    Int: 20    God:    Vehumet [......]
Gold:   267        SH:  0    Dex:  9    Spells: 20/24 levels left

rFire   . . .      SeeInvis .   m - +0 short sword (drain)
rCold   . . .      Faith    .   (no shield)
rNeg    . . .      Spirit   .   b - +0 robe
rPois   +          Reflect  .   (helmet restricted)
rElec   .          Harm     .   (no cloak)
rCorr   .          Rampage  .   (gloves unavailable)
Will    .....                   (boots unavailable)
Stlth   +.........              (no amulet)
HPRegen 0.25/turn               k - ring of poison resistance
MPRegen 0.17/turn               l - +4 ring of protection

@: no status effects
A: large, unfitting armour, tough skin 1
a: Renounce Religion


You were on level 6 of the Dungeon.
You worshipped Vehumet.
Vehumet was noncommittal.
You visited 2 branches of the dungeon, and saw 7 of its levels.

You collected 267 gold pieces.

Inventory:

Hand Weapons
 f - a +0 dagger
 i - a +0 spear
 j - a +0 hunting sling
 m - a +0 short sword of draining (weapon)
Missiles
 a - 220 stones
 z - a curare-tipped dart
Armour
 b - a +0 robe (worn)
Jewellery
 k - a ring of poison resistance (left hand)
 l - a +4 ring of protection (right hand)
 v - a ring of willpower
 y - a +4 ring of evasion
Scrolls
 e - a scroll of noise {unknown}
 g - a scroll of immolation {unknown}
 h - 2 scrolls of vulnerability {unknown}
 n - a scroll of torment {unknown}
 o - a scroll of silence {unknown}
 r - 3 scrolls of magic mapping {unknown}
 s - 3 scrolls of identify {unknown}
 w - 3 scrolls of teleportation {unknown}
 x - a scroll of enchant armour {unknown}
Potions
 c - 2 potions of magic
 d - 3 potions of brilliance {unknown}
 p - 2 potions of heal wounds {unknown}
 q - 5 potions of curing {unknown}
 t - 3 potions of berserk rage {unknown}
 u - a potion of might {unknown}
 A - a potion of invisibility {unknown}


   Skills:
 + Level 7.0 Fighting
 - Level 1.7 Dodging
 - Level 1.4 Stealth
 - Level 8.0 Spellcasting
 - Level 5.0 Conjurations
 - Level 0.8 Transmutations
 - Level 5.0 Earth Magic


You had 20 spell levels left.
You knew the following spells:

 Your Spells              Type           Power      Damage    Failure   Level
a - Sandblast             Erth           56%        2d13      1%          1
b - Stone Arrow           Conj/Erth      56%        3d10      3%          3

Your spell library contained the following spells:

 Spells                   Type           Power      Damage    Failure   Level
 Passwall                 Tmut/Erth      15%        N/A       3%          2
 Wereblood                Tmut           11%        N/A       9%          2
 Dazzling Flash           Conj/Hex       36%        N/A       9%          3
 Blink                    Tloc           16%        N/A       13%         2
 Sublimation of Blood     Necr           8%         N/A       13%         2
 Lesser Beckoning         Tloc           8%         N/A       26%         3
 Petrify                  Tmut/Erth      19%        N/A       26%         4
 Iskenderun's Mystic Bla  Conj/Tloc      18%        2d6       30%         4
 Manifold Assault         Tloc           8%         N/A       93%         5
 Starburst                Conj/Fire      9%         6d5       99%         6
 Summon Hydra             Summ           4%         N/A       100%        7


Dungeon Overview and Level Annotations

Branches:
Dungeon (6/15)             Temple (1/1) D:6

Altars:
Fedhas
Hepliaklqana
Nemelex Xobeh
Okawaru
Sif Muna
Uskayaw
Vehumet
Xom
Zin

Annotations:
D:3 2 runed translucent doors, Heedrag's ghost, amateur MiFi
D:6 Maggie


Innate Abilities, Weirdness & Mutations

You are too large for most types of armour.
You have tough skin. (AC +1)


Message History

Aiming: Sandblast (safe; 1% risk of failure)
Press: ? - help, Shift-Dir - straight line, f/p - Maggie
Aim: Maggie, wielding a +2 morningstar of distortion and wearing +0 steam dragon scales (almost dead, 81% to hit)
The blast of sand hits Maggie but does no damage.
Maggie is almost dead.
a - 223 stones Maggie gestures at you while chanting.
The bolt of fire hits you!!
Casting: Sandblast (safe; 1% risk of failure)
Confirm with . or Enter, or press ? or * to list all spells.
Aiming: Sandblast (safe; 1% risk of failure)
Press: ? - help, Shift-Dir - straight line, f/p - Maggie
Aim: Maggie, wielding a +2 morningstar of distortion and wearing +0 steam dragon scales (almost dead, 81% to hit)
The blast of sand misses Maggie.
a - 222 stones Maggie hits you with a +2 morningstar of distortion!
* * * LOW HITPOINT WARNING * * *
Space warps horribly around you!!
* * * LOW HITPOINT WARNING * * *
Unknown command.
Casting: Sandblast (safe; 1% risk of failure)
Confirm with . or Enter, or press ? or * to list all spells.
Aiming: Sandblast (safe; 1% risk of failure)
Press: ? - help, Shift-Dir - straight line, f/p - Maggie
Aim: Maggie, wielding a +2 morningstar of distortion and wearing +0 steam dragon scales (almost dead, 81% to hit)
The blast of sand misses Maggie.
a - 221 stones Maggie casts a spell.
Maggie attempts to bespell you! You resist with some effort.
Unknown command.
Casting: Sandblast (safe; 1% risk of failure)
Confirm with . or Enter, or press ? or * to list all spells.
Aiming: Sandblast (safe; 1% risk of failure)
Press: ? - help, Shift-Dir - straight line, f/p - Maggie
Aim: Maggie, wielding a +2 morningstar of distortion and wearing +0 steam dragon scales (almost dead, 81% to hit)
The blast of sand hits Maggie!
Maggie is almost dead.
a - 220 stones Maggie hits you with a +2 morningstar of distortion!
You die...

## ## . .. .# . #. ..
#.#. .# #.#$ .####
#.. .... # #@#####
..# #.#$###@...# ..#
...).........#
..##.#.#.#....##.#..#
..##.#.#.#.##....#..#
####...........#....#
# #.#.##.#.##.#....#
# #.#....#.........#
# #....#...#.#.##..#
## #.##.#.>.#.#.....#


You could see Maggie.

Vanquished Creatures
  Grinder (D:3)
  A water moccasin (D:5)
  An orc warrior (D:4)
  A black bear (D:4)
  A centaur (D:6)
  2 ogres
  A kobold brigand (D:6)
  A bullfrog (D:4)
  2 scorpions
  9 hounds
  3 jellies
  5 orc priests
  An iguana (D:3)
  3 orc wizards
  Robin (D:2)
  8 adders
  3 gnolls (D:5)
  A white imp (D:6)
  A worm (D:5)
  2 dart slugs
  12 orcs
  3 endoplasms
  A giant cockroach (D:4)
  16 goblins
  9 hobgoblins
  3 jackals (D:3)
  6 quokkas
  7 ball pythons
  5 bats
  A frilled lizard (D:2)
  12 kobolds
  3 rats
  A spectral goblin (D:2)
127 creatures vanquished.

Notes
Turn   | Place    | Note
-------+----------+-------------------------------------------
     0 | D:1      | Bruhh the Ogre Earth Elementalist began the quest for the
                  | Orb.
     0 | D:1      | Reached XP level 1. HP: 16/16 MP: 3/3
   516 | D:1      | Reached XP level 2. HP: 22/24 MP: 5/5
  1412 | D:2      | Noticed Robin
  1414 | D:2      | Reached skill level 3 in Spellcasting
  1742 | D:2      | Found a faded altar of an unknown god.
  1767 | D:2      | Reached XP level 3. HP: 31/31 MP: 5/7
  2120 | D:2      | Killed Robin
  2295 | D:2      | Reached XP level 4. HP: 29/39 MP: 9/9
  2794 | D:3      | Reached skill level 4 in Spellcasting
  3148 | D:3      | Reached XP level 5. HP: 44/45 MP: 8/11
  3263 | D:3      | Found a runed translucent door.
  3266 | D:3      | Noticed Heedrag's ghost (amateur MiFi)
  3314 | D:3      | Noticed Grinder
  3321 | D:3      | Paralysed by Grinder for 2 turns
  3337 | D:3      | Killed Grinder
  3338 | D:3      | Reached skill level 5 in Spellcasting
  3338 | D:3      | Reached skill level 5 in Earth Magic
  3338 | D:3      | Reached XP level 6. HP: 23/53 MP: 3/13
  3564 | D:3      | Found a runed translucent door.
  3788 | D:4      | Reached skill level 1 in Conjurations
  4034 | D:4      | Noticed a black bear
  4075 | D:3      | Learned a level 3 spell: Stone Arrow
  4308 | D:4      | Reached XP level 7. HP: 59/59 MP: 1/14
  5005 | D:5      | Entered Level 5 of the Dungeon
  5040 | D:5      | Reached skill level 5 in Conjurations
  5569 | D:5      | Reached XP level 8. HP: 65/67 MP: 9/16
  5745 | D:5      | Reached skill level 6 in Spellcasting
  6084 | D:5      | Reached skill level 7 in Spellcasting
  6568 | D:5      | Reached skill level 8 in Spellcasting
  6568 | D:5      | Reached skill level 1 in Fighting
  6922 | D:5      | Found a shimmering blue altar of Sif Muna.
  7021 | D:6      | Found a staircase to the Ecumenical Temple.
  7408 | Temple   | Entered the Ecumenical Temple
  7454 | Temple   | Became a worshipper of Vehumet
  7727 | D:6      | Reached skill level 5 in Fighting
  7752 | D:6      | Reached XP level 9. HP: 77/89 MP: 14/21
  8069 | D:6      | Noticed Maggie
  8080 | D:6      | HP: 2/93 [Maggie/+2 morningstar of distortion (22)]
  8082 | D:6      | Mangled by Maggie

Illustrated notes

Levels and vault maps discovered:
D:1:      dpeg_arrival_solitude, layout_loops_ring, dk_noncrumbling_4
D:2:      layout_rooms, dreamdust_ecumenical_altar_drowned_temple, uniq_robin
D:3:      layout_loops_ring, ebering_ghost_sewer_f, minmay_splitting_lines,
          hangedman_feature_mirror, minmay_fractal_squares_5, uniq_grinder
D:4:      layout_loops_cross, serial_glass, glass_columns_a, glass_columns_a,
          minmay_divided_ellipse
D:5:      layout_loops_cross, nicolae_sif_muna_little_library
D:6:      layout_loops_ring, gammafunk_temple_overflow_statue,
          minmay_temple_entry_ruins, grunt_decor_arrowhead,
          minmay_misc_feat_more_columns, minmay_increasing_density, uniq_maggie
Temple:   mainiacjoe_temple_bowtie_tessellation

Skill      XL: |  1  2  3  4  5  6  7  8  9 |
---------------+----------------------------+-----
Earth Magic    | 3 4 5 |  5.0
Spellcasting   | 3 4 5 8 |  8.0
Conjurations   | 2 5 |  5.0
Fighting       | 5 7 |  7.0
Dodging        | |  1.7
Stealth        | |  1.4
Transmutations | |  0.8

Action                   |  1- 3 |  4- 6 |  7- 9 || total
-------------------------+-------+-------+-------++-------
Melee: Dagger            |    62 |       |       ||    62
       Unarmed           |     5 |       |       ||     5
       Spear             |    17 |       |       ||    17
       Short sword       |       |    16 |    29 ||    45
 Fire: Hunting sling     |    10 |    24 |       ||    34
 Cast: Sandblast         |    30 |    44 |    21 ||    95
       Stone Arrow       |       |     6 |    82 ||    88
 Stab: Sleeping          |     1 |       |       ||     1
Armor: Robe              |    29 |    33 |    27 ||    89
Dodge: Dodged            |    54 |    50 |    24 ||   128

Table legend: (Time is in decaauts)
 A = Elapsed time spent in this place.
 B = Non-inter-level travel time spent in this place.
 C = Inter-level travel time spent in this place.
 D = Time resting spent in this place.
 E = Time spent auto-exploring this place.
 F = Levels seen in this place.
 G = Mean time per level.
                   A        B        C        D        E       F      G
               +--------+--------+--------+--------+--------+-----+--------+
         Total |   8109 |   7874 |    235 |   1102 |   5896 |   7 | 1158.4 |
       Dungeon |   8029 |   7826 |    203 |   1102 |   5861 |   6 | 1338.2 |
        Temple |     79 |     47 |     32 |      0 |     35 |   1 |   79.0 |
               +--------+--------+--------+--------+--------+-----+--------+

Top non-repeatable levels by time:
     D:1: 1771 daAuts
     D:4: 1701 daAuts
     D:5: 1493 daAuts
     D:3: 1103 daAuts
     D:2: 1025 daAuts
     D:6: 933 daAuts
  Temple: 79 daAuts
